 Dungeon Crawl Stone Soup version 0.25-a0-10-g2fe12d4386 (webtiles) character file.

Game seed: 10185160223782222974, levelgen mode: deterministic

35 Chiseanne the Magician (level 3, -1/24 HPs)
             Began as a Demonspawn Wizard on Oct 15, 2019.
             Slain by Robin
             ... wielding a +1 dagger of protection
              (4 damage)
             ... on level 2 of the Dungeon.
             The game lasted 00:03:13 (1407 turns).

Chiseanne the Magician (Demonspawn Wizard)          Turns: 1407, Time: 00:03:14

Health: -1/24      AC:  3    Str:  7    XL:     3   Next: 16%
Magic:  0/8        EV: 12    Int: 20    God:
Gold:   47         SH:  0    Dex: 11    Spells: 6/9 levels left

rFire    + . .     SeeInvis .   a - +1 club {** Badass Ugly Stick **}
rCold    . . .     Gourm    .   (no shield)
rNeg     . . .     Faith    .   g - +0 robe
rPois    .         Spirit   .   b - +1 hat
rElec    .         Reflect  .   (no cloak)
rCorr    .         Harm     +   (no gloves)
MR       .....                  (no boots)
Stlth    ++........             l - amulet of harm
HPRegen  0.08/turn              (no ring)
MPRegen  0.11/turn              (no ring)

@: no status effects
A: demonic guardian 1, fire resistance 1
a: no special abilities


You were on level 2 of the Dungeon.
You were not hungry.

You visited 1 branch of the dungeon, and saw 2 of its levels.

You collected 47 gold pieces.

Inventory:

Hand Weapons
 a - a +1 club (weapon) {** Badass Ugly Stick **}
Missiles
 c - 47 stones (quivered)
 e - 46 arrows
 f - 19 bolts
 j - 2 atropa-tipped darts
Armour
 b - a +1 hat (worn)
 g - a +0 robe (worn)
Jewellery
 l - an amulet of harm (around neck)
Scrolls
 h - a scroll of remove curse
Comestibles
 d - 4 rations
 k - 2 chunks of flesh


   Skills:
 * Level 0.2 Fighting
 * Level 1.8 Dodging
 - Level 1.7 Stealth
 - Level 3.5 Spellcasting
 - Level 2.2 Conjurations
   Level 1.0 Summonings
 - Level 0.8 Translocations


You had 6 spell levels left.
You knew the following spells:

 Your Spells              Type           Power        Failure   Level  Hunger
a - Magic Dart            Conj           ##..         5%          1    None
b - Blink                 Tloc           N/A          14%         2    ##.....

Your spell library contained the following spells:

 Spells                   Type           Power        Failure   Level  Hunger
 Call Imp                 Summ           #.......     14%         2    ##.....
 Slow                     Hex            #.......     21%         2    ##.....
 Conjure Flame            Conj/Fire      #.......     26%         3    ###....
 Mephitic Cloud           Conj/Pois/Air  #.......     30%         3    ###....


Dungeon Overview and Level Annotations

Branches:
Dungeon (2/15)

Altars:

Annotations:
D:2 Robin


Innate Abilities, Weirdness & Mutations

A weak demonic guardian rushes to your aid.
Your flesh is heat resistant. (rF+)


Message History

Casting: Magic Dart (safe; 5% risk of failure)
Confirm with . or Enter, or press ? or * to list all spells.
You don't have enough magic to cast that spell.
You hit Robin.
Robin is almost dead.
Robin hits you with a +1 dagger of protection.
* * * LOW HITPOINT WARNING * * *
You hit Robin.
Robin is almost dead.
Robin hits you but does no damage.
You barely miss Robin.
Robin is almost dead.
Robin misses you.
Casting: Magic Dart (safe; 5% risk of failure)
Confirm with . or Enter, or press ? or * to list all spells.
You don't have enough magic to cast that spell.
You hit Robin but do no damage.
Robin is almost dead.
Robin hits you with a +1 dagger of protection.
You die...

##### ##...##
#############.###.##
.).......ggg@.# #..#
#############.###..#
##...#.# ## #####.#
.. #.# .# #.# .. #.#
.# # #.########.# #.
#.รท.........


You could see Robin, a hobgoblin and a goblin.

Vanquished Creatures
  2 dart slugs (D:1)
  A leopard gecko (D:1)
  3 giant cockroaches
  9 goblins
  A hobgoblin (D:1)
  A quokka (D:2)
  2 bats (D:1)
  2 frilled lizards (D:1)
  4 kobolds (D:1)
  3 rats (D:1)
28 creatures vanquished.

Notes
Turn   | Place    | Note
-------+----------+-------------------------------------------
     0 | D:1      | Chiseanne the Demonspawn Wizard began the quest for the
                  | Orb.
     0 | D:1      | Reached XP level 1. HP: 13/13 MP: 4/4
   411 | D:1      | Gained mutation: Your flesh is heat resistant. (rF+)
                  | [demonic ancestry]
   411 | D:1      | Reached XP level 2. HP: 19/19 MP: 3/6
  1193 | D:1      | Learned a level 2 spell: Blink
  1245 | D:2      | Gained mutation: A weak demonic guardian rushes to your
                  | aid. [demonic ancestry]
  1245 | D:2      | Reached XP level 3. HP: 19/24 MP: 1/8
  1361 | D:2      | Noticed Robin
  1407 | D:2      | Slain by Robin

Levels and vault maps discovered:
D:1:      dpeg_arrival_tiny_c, layout_rooms
D:2:      layout_loops_ring, chequers_ecumenical_altar_island, uniq_robin

Skill      XL: |  1  2 |
---------------+-------+-----
Conjurations   | 2 |  2.2
Fighting       | |  0.2
Dodging        | |  1.8
Stealth        | |  1.7
Spellcasting   | |  3.5
Summonings     | |  1.0
Translocations | |  0.8

Action                   || total
-------------------------++-------
Melee: Unarmed           ||    10
       Club              ||    36
Throw: Stone             ||     2
 Cast: Magic Dart        ||    66
  Use: Scroll            ||     6
       Potion            ||     1
  Eat: Chunk             ||     1
Armor: Robe              ||    23
       Skin              ||    10
Dodge: Dodged            ||    41

Table legend:
 A = Non-vault XP
 B = Vault XP
 C = Vault XP percentage of total XP
 D = Non-vault monster count
 E = Vault monster count
 F = Vault count percentage of total count
                 A         B        C        D         E       F
            +---------+---------+-------+---------+---------+-------
      Total |      44 |       6 |  12.0 |      25 |       3 |  10.7
            +---------+---------+-------+---------+---------+-------
        D:1 |      40 |       0 |   0.0 |      23 |       0 |   0.0
        D:2 |       4 |       6 |  60.0 |       2 |       3 |  60.0
            +---------+---------+-------+---------+---------+-------
